AoeStats
← Duke270894

Arabia

510169542Analyzed
1v1 RM · 3d ago on Sep 29, 2026· 39m 31s· 2 players
Game mode
Random Map
Map size
Tiny (2 player)
Population
200
Speed
Normal
Resources
Standard
Victory
Conquest
Starting age
Dark Age
Ending age
Imperial Age
RankedLock teamsTeams togetherTeam positionsShared explorationLock speedFull tech treeHidden civsTurbo modeCheats
Victory
Defeat
🇪🇨 Ethiopians · Ecuador
660
+16
🇦🇷 Slavs · Argentina
668
-16
Luid2026
5:38 Loom
11:10 Feudal Age
17:44 Arson
19:36 Gold Mining
19:38 Double-Bit Axe
20:46 Horse Collar
20:44 Man-at-Arms
23:48 Scale Mail Armor
23:59 Forging
25:55 Padded Archer Armor
26:17 Fletching
32:34 Castle Age
34:02 Leather Archer Armor
33:43 Bodkin Arrow
34:24 Iron Casting
34:05 Chain Mail Armor
36:34 Squires
35:55 Long Swordsman
35:59 Crossbowman
Duke270894
12:29 Feudal Age
14:49 Fletching
17:08 Double-Bit Axe
17:05 Horse Collar
19:39 Scale Barding Armor
20:28 Forging
21:16 Bloodlines
33:22 Castle Age
37:36 Loom
Connection lost

Rejoining the realm…

Still unreachable

The connection could not be restored.

Session expired

The server has moved on; the page needs a fresh start.